CAR
MYRTLE BEACH PELICANS @ POTOMAC NATIONALS
07/25/2099
 
TOP OF THE 1ST
Myrtle Beach Pelicans batting - Pitching for Potomac Nationals : RHP Brent Koehne
Pitching: RHP Brent Koehne
Batting: LHB Bill Burroughs 0-0: Ball
1-0: Called Strike
1-1: Ball
2-1: Fly out, F7 (Flyball, 78M, EV 90.0 MPH)
Batting: RHB Mike Bryant 0-0: Fly out, F8 (Flyball, 8RXD, EV 97.5 MPH)
Batting: RHB Neil Grimm 0-0: SINGLE (Groundball, 34D, EV 96.9 MPH)
Batting: LHB Vic Payne 0-0: Called Strike
0-1: Ball
1-1: Ball
2-1: Foul Ball, location: 2F
2-2: Ball
3-2: Fly out, F8 (Flyball, 8RD, EV 110.6 MPH)
Top of the 1st over - 0 runs, 1 hit, 0 errors, 1 left on base; Myrtle Beach 0 - Potomac 0
BOTTOM OF THE 1ST
Potomac Nationals batting - Pitching for Myrtle Beach Pelicans : RHP Mike Wallace
Pitching: RHP Mike Wallace
Batting: LHB Kurt LaBove 0-0: Called Strike
0-1: Foul Ball, location: 23F
0-2: Ball
1-2: Foul Ball, location: 2F
1-2: Ball
2-2: Foul Ball, location: 7LMF
2-2: Ball
3-2: Ground out 1-3 (Groundball, 13S, EV 71.9 MPH)
Batting: RHB Devon Thibeau 0-0: SINGLE (Line Drive, 89M, EV 96.3 MPH)
Batting: LHB Juan Bautista 0-0: Called Strike
0-1: Fielders Choice at 2nd, 6-4 (Groundball, 56, EV 84.4 MPH)
Batting: RHB Nathan Jackson 0-0: Foul Ball, location: 7LDF
0-1: Ball
1-1: Ball
2-1: SINGLE (Groundball, 6M, EV 100.0 MPH)
Juan Bautista to second
Runner from 2nd tries for 3rd, SAFE, throw by CF made to third
Batting: RHB Mark Dittman 0-0: Ball
1-0: Ball
2-0: SINGLE (Line Drive, 3D, EV 99.4 MPH)
Juan Bautista scores
Nathan Jackson to second
Batting: RHB Jose Huerta 0-0: Ball
1-0: Ball
2-0: Fielders Choice at 2nd, 5-4 (Groundball, 56, EV 80.6 MPH)
Bottom of the 1st over - 1 run, 3 hits, 0 errors, 2 left on base; Myrtle Beach 0 - Potomac 1
TOP OF THE 2ND
Myrtle Beach Pelicans batting - Pitching for Potomac Nationals : RHP Brent Koehne
Batting: RHB Andy Howard 0-0: Swinging Strike
0-1: Reached on error, E4 (Groundball, 4, EV 103.1 MPH)
Batting: RHB Christian Gray Pickoff Throw to First - Out! 1-3 CS
0-0: Fly out, F9 (Flyball, 89S, EV 88.8 MPH)
Batting: RHB Matt Judkins 0-0: Foul Ball, location: 23FF
0-1: Called Strike
0-2: Ball
1-2: Strikes out looking
Top of the 2nd over - 0 runs, 0 hits, 1 error, 0 left on base; Myrtle Beach 0 - Potomac 1
BOTTOM OF THE 2ND
Potomac Nationals batting - Pitching for Myrtle Beach Pelicans : RHP Mike Wallace
Batting: LHB Juan Flores 0-0: Ball
1-0: Ball
2-0: Foul Ball, location: 2F
2-1: Foul Ball, location: 5FF
2-2: Strikes out looking
Batting: RHB Danny Carmona 0-0: Ball
1-0: Foul Ball, location: 2F
1-1: Swinging Strike
1-2: Strikes out swinging
Batting: RHB Luis Quiroga 0-0: Called Strike
0-1: Fly out, F7 (Flyball, 7S, EV 91.3 MPH)
Bottom of the 2nd over - 0 runs, 0 hits, 0 errors, 0 left on base; Myrtle Beach 0 - Potomac 1
TOP OF THE 3RD
Myrtle Beach Pelicans batting - Pitching for Potomac Nationals : RHP Brent Koehne
Batting: RHB Ryan Ogle 0-0: Foul Ball, location: 2F
0-1: Foul Ball, location: 2F
0-2: Ball
1-2: Ball
2-2: Foul Ball, location: 2F
2-2: Ball
3-2: SINGLE (Flyball, 89S, EV 97.5 MPH)
Batting: RHB T.J. Brewster 0-0: Bunt missed!
0-1: Foul Ball, location: 2F
0-2: Ball
1-2: Ball
2-2: Fielders Choice at 2nd, 4-6 (Groundball, 4M, EV 103.8 MPH)
Batting: LHB Bill Burroughs 0-0: Called Strike
T.J. Brewster is caught stealing 2nd base 2-6
0-1: Ground out 4-3 (Groundball, 34, EV 86.9 MPH)
Top of the 3rd over - 0 runs, 1 hit, 0 errors, 0 left on base; Myrtle Beach 0 - Potomac 1
BOTTOM OF THE 3RD
Potomac Nationals batting - Pitching for Myrtle Beach Pelicans : RHP Mike Wallace
Batting: LHB Kurt LaBove 0-0: Ball
1-0: Ball
2-0: Ball
3-0: Called Strike
3-1: Base on Balls
Batting: RHB Devon Thibeau 0-0: Called Strike
0-1: Ball
1-1: Grounds into double play, 5-4-3 (Groundball, 15, EV 86.3 MPH)
Batting: LHB Juan Bautista 0-0: Ball
1-0: Ball
2-0: Ground out 5-3 (Groundball, 56, EV 83.8 MPH)
Bottom of the 3rd over - 0 runs, 0 hits, 0 errors, 0 left on base; Myrtle Beach 0 - Potomac 1
TOP OF THE 4TH
Myrtle Beach Pelicans batting - Pitching for Potomac Nationals : RHP Brent Koehne
Batting: RHB Mike Bryant 0-0: Swinging Strike
0-1: Fly out, F8 (Flyball, 78M, EV 97.5 MPH)
Batting: RHB Neil Grimm 0-0: Called Strike
0-1: Ball
1-1: Ball
2-1: Fly out, F8 (Flyball, 8LS, EV 93.8 MPH)
Batting: LHB Vic Payne 0-0: Ball
1-0: Ground out 6-3 (Groundball, 6, EV 85.6 MPH)
Top of the 4th over - 0 runs, 0 hits, 0 errors, 0 left on base; Myrtle Beach 0 - Potomac 1
BOTTOM OF THE 4TH
Potomac Nationals batting - Pitching for Myrtle Beach Pelicans : RHP Mike Wallace
Batting: RHB Nathan Jackson 0-0: Called Strike
0-1: SINGLE (Line Drive, 89S, EV 106.3 MPH)
Batting: RHB Mark Dittman 0-0: Called Strike
0-1: Ball
1-1: DOUBLE (Groundball, 5L, EV 94.4 MPH)
Nathan Jackson to third
Batting: RHB Jose Huerta 0-0: Ball
1-0: Called Strike
1-1: Ball
2-1: Ball
3-1: Base on Balls
Batting: LHB Juan Flores 0-0: Fly out, F8 (Flyball, 8RS, EV 98.1 MPH)
Batting: RHB Danny Carmona 0-0: Called Strike
0-1: SINGLE (Groundball, 4MD, EV 100.0 MPH)
Nathan Jackson scores
Mark Dittman to third
Jose Huerta to second
Runner from 3rd tries for Home, SAFE, throw by CF to home
Batting: RHB Luis Quiroga 0-0: Ball
1-0: Grounds into double play, 5-4-3 (Groundball, 56, EV 84.4 MPH)
Bottom of the 4th over - 2 runs, 3 hits, 0 errors, 1 left on base; Myrtle Beach 0 - Potomac 3
TOP OF THE 5TH
Myrtle Beach Pelicans batting - Pitching for Potomac Nationals : RHP Brent Koehne
Batting: RHB Andy Howard 0-0: Foul Ball, location: 9LSF
0-1: Called Strike
0-2: Foul Ball, location: 5DF
0-2: Ball
1-2: Ball
2-2: Foul Ball, location: 5F
2-2: TRIPLE (Flyball, 78XD, EV 90.0 MPH)
Batting: RHB Christian Gray 0-0: Fly out, F9 (Flyball, 89M, EV 87.5 MPH)
Runner from 3rd tags up, OUT at HOME! 9-2
Batting: RHB Matt Judkins 0-0: Ball
1-0: SINGLE (Line Drive, 78S, EV 102.5 MPH)
Batting: RHB Ryan Ogle 0-0: Ball
1-0: Ball
2-0: Called Strike
2-1: Ground out 5-3 (Groundball, 56, EV 104.4 MPH)
Top of the 5th over - 0 runs, 2 hits, 0 errors, 1 left on base; Myrtle Beach 0 - Potomac 3
BOTTOM OF THE 5TH
Potomac Nationals batting - Pitching for Myrtle Beach Pelicans : RHP Mike Wallace
Batting: LHB Kurt LaBove 0-0: Called Strike
0-1: Ball
1-1: Ball
2-1: Foul Ball, location: 3FF
2-2: Ball
3-2: Strikes out swinging
Batting: RHB Devon Thibeau 0-0: Ball
1-0: SINGLE (Groundball, 6MD, EV 108.8 MPH)
Batting: LHB Juan Bautista 0-0: SINGLE (Line Drive, 78S, EV 100.6 MPH)
Devon Thibeau to second
Batting: RHB Nathan Jackson 0-0: Foul Ball, location: 25F
0-1: Foul Ball, location: 3DF
0-2: Ball
1-2: SINGLE (Groundball, 4MD, EV 98.1 MPH)
Devon Thibeau to third
Juan Bautista to second
Runner from 3rd tries for Home, SAFE, throw by CF to home
Batting: RHB Mark Dittman 0-0: Ball
1-0: Called Strike
1-1: Foul Ball, location: 9LMFF
1-2: Ball
2-2: Ball
3-2: Foul Ball, location: 2F
3-2: Foul Ball, location: 9LMF
3-2: Foul Ball, location: 2F
3-2: SINGLE (Line Drive, 3D, EV 103.8 MPH)
Juan Bautista to third
Nathan Jackson to second
Batting: RHB Jose Huerta 0-0: Grounds into fielders choice 5-2 (Groundball, 5, EV 85.6 MPH)
Nathan Jackson to third
Mark Dittman to second
Batting: LHB Juan Flores 0-0: Ball
1-0: Called Strike
1-1: Ball
2-1: Foul Ball, location: 5SF
2-2: Fly out, F9 (Flyball, 9S, EV 91.3 MPH)
Bottom of the 5th over - 1 run, 4 hits, 0 errors, 3 left on base; Myrtle Beach 0 - Potomac 4
TOP OF THE 6TH
Myrtle Beach Pelicans batting - Pitching for Potomac Nationals : RHP Brent Koehne
Batting: RHB T.J. Brewster 0-0: Fly out, F7 (Line Drive, 7S, EV 89.4 MPH)
Batting: LHB Bill Burroughs 0-0: Called Strike
0-1: SINGLE (Line Drive, 7S, EV 100.6 MPH)
Batting: RHB Mike Bryant 0-0: Called Strike
0-1: Grounds into double play, 5-4-3 (Groundball, 56, EV 86.3 MPH)
Top of the 6th over - 0 runs, 1 hit, 0 errors, 0 left on base; Myrtle Beach 0 - Potomac 4
BOTTOM OF THE 6TH
Potomac Nationals batting - Pitching for Myrtle Beach Pelicans : RHP Mike Wallace
Batting: RHB Danny Carmona 0-0: Called Strike
0-1: Ball
1-1: Swinging Strike
1-2: Foul Ball, location: 9LSF
1-2: SINGLE (Groundball, 6MD, EV 107.5 MPH)
Batting: RHB Luis Quiroga 0-0: Ball
1-0: Ball
2-0: Called Strike
2-1: Foul Ball, location: 7LSF
2-2: Ball
3-2: Grounds into double play, 4-6-3 (Groundball, 4, EV 86.3 MPH)
Batting: LHB Kurt LaBove 0-0: Called Strike
0-1: Fly out, F8 (Flyball, 8RD, EV 94.4 MPH)
Bottom of the 6th over - 0 runs, 1 hit, 0 errors, 0 left on base; Myrtle Beach 0 - Potomac 4
TOP OF THE 7TH
Myrtle Beach Pelicans batting - Pitching for Potomac Nationals : RHP Brent Koehne
Batting: RHB Neil Grimm 0-0: Ground out 6-3 (Groundball, 6, EV 85.0 MPH)
Batting: LHB Vic Payne 0-0: Foul Ball, location: 2F
0-1: Called Strike
0-2: Foul Ball, location: 23F
0-2: Ball
1-2: Foul Ball, location: 7LMF
1-2: Foul Ball, location: 23F
1-2: Strikes out swinging
Batting: RHB Andy Howard 0-0: Called Strike
0-1: SINGLE (Line Drive, 78M, EV 108.1 MPH)
Batting: RHB Christian Gray 0-0: Called Strike
0-1: Fly out, F3 (Popup, 3S, EV 65.6 MPH)
Top of the 7th over - 0 runs, 1 hit, 0 errors, 1 left on base; Myrtle Beach 0 - Potomac 4
BOTTOM OF THE 7TH
Potomac Nationals batting - Pitching for Myrtle Beach Pelicans : RHP Mike Wallace
Pitching: RHP Jim Unknown
Batting: RHB Devon Thibeau 0-0: Ball
1-0: Ball
2-0: Ball
3-0: Base on Balls
Batting: LHB Juan Bautista 0-0: Called Strike
0-1: Ball
1-1: Ball
2-1: Foul Ball, location: 2F
2-2: Strikes out swinging
Batting: RHB Nathan Jackson 0-0: Fly out, F4 (Popup, 4S, EV 70.6 MPH)
Batting: RHB Mark Dittman 0-0: DOUBLE (Flyball, 8RXD, EV 105.0 MPH)
Devon Thibeau to third
Batting: RHB Jose Huerta 0-0: Ball
1-0: Fly out, F8 (Flyball, 8RD, EV 85.0 MPH)
Bottom of the 7th over - 0 runs, 1 hit, 0 errors, 2 left on base; Myrtle Beach 0 - Potomac 4
TOP OF THE 8TH
Myrtle Beach Pelicans batting - Pitching for Potomac Nationals : RHP Brent Koehne
Batting: RHB Matt Judkins 0-0: Ball
1-0: Called Strike
1-1: Swinging Strike
1-2: Strikes out looking
Batting: RHB Ryan Ogle 0-0: Ball
1-0: Swinging Strike
1-1: Ball
2-1: Ball
3-1: Called Strike
3-2: Strikes out swinging
Batting: RHB T.J. Brewster 0-0: Ball
1-0: Called Strike
1-1: Ball
2-1: Ball
3-1: Called Strike
3-2: Strikes out swinging
Top of the 8th over - 0 runs, 0 hits, 0 errors, 0 left on base; Myrtle Beach 0 - Potomac 4
BOTTOM OF THE 8TH
Potomac Nationals batting - Pitching for Myrtle Beach Pelicans : RHP Jim Unknown
Batting: LHB Juan Flores 0-0: Ball
1-0: DOUBLE (Line Drive, 7LD, EV 109.4 MPH)
Batting: RHB Danny Carmona 0-0: Intentional Walk
Batting: RHB Luis Quiroga 0-0: Called Strike
0-1: Fly out, F4 (Popup, 34, EV 68.8 MPH)
Batting: LHB Kurt LaBove 0-0: Ball
1-0: Foul Ball, location: 7LMF
1-1: Fly out, F5 (Popup, 25, EV 91.3 MPH)
Batting: RHB Devon Thibeau 0-0: DOUBLE (Line Drive, 9LS, EV 99.4 MPH)
Juan Flores scores
Danny Carmona to third
Batting: LHB Juan Bautista 0-0: Ground out 6-3 (Groundball, 6, EV 78.1 MPH)
Bottom of the 8th over - 1 run, 2 hits, 0 errors, 2 left on base; Myrtle Beach 0 - Potomac 5
TOP OF THE 9TH
Myrtle Beach Pelicans batting - Pitching for Potomac Nationals : RHP Brent Koehne
Batting: LHB Bill Burroughs 0-0: SINGLE (Line Drive, 78M, EV 105.6 MPH)
Batting: RHB Mike Bryant 0-0: Swinging Strike
0-1: Ball
1-1: Fly out, F9 (Flyball, 9LS, EV 100.0 MPH)
Batting: RHB Neil Grimm 0-0: Ball
1-0: Called Strike
1-1: Ball
2-1: Grounds into double play, 5-4-3 (Groundball, 5S, EV 83.1 MPH)
Top of the 9th over - 0 runs, 1 hit, 0 errors, 0 left on base; Myrtle Beach 0 - Potomac 5
Sunday, May 12th , 2024 - OOTP Baseball 24.11 Build 85